 Dungeon Crawl Stone Soup version 0.22.1 (webtiles) character file.

1249 n0claF the Thaumaturge (level 8, -12/41 HPs)
             Began as a Deep Elf Fire Elementalist on Sept 17, 2018.
             Was an Initiate of Vehumet.
             Hit by a tomahawk thrown by an orc warrior (19 damage)
             ... on level 5 of the Dungeon.
             The game lasted 00:19:38 (4803 turns).

n0claF the Thaumaturge (Deep Elf Fire Elementalist) Turns: 4803, Time: 00:19:39

Health: -12/41     AC:  7    Str:  5    XL:     8   Next: 26%
Magic:  20/22      EV: 13    Int: 23    God:    Vehumet [......]
Gold:   369        SH:  0    Dex: 15    Spells: 10/23 levels left

rFire    x . .     SeeInvis .   (no weapon)
rCold    + . .     Gourm    .   (no shield)
rNeg     . . .     Faith    .   a - +0 robe
rPois    .         Spirit   .   s - +0 helmet
rElec    .         Reflect  .   h - +0 cloak
rCorr    .         Harm     .   b - +2 pair of gloves
MR       .....                  (no boots)
Stlth    ++........             (no amulet)
HPRegen  0.13/turn              m - ring of ice
MPRegen  0.18/turn              (no ring)

@: no status effects
A: no striking features
a: Renounce Religion


You were on level 5 of the Dungeon.
You worshipped Vehumet.
Vehumet was noncommittal.
You were not hungry.

You visited 2 branches of the dungeon, and saw 6 of its levels.

You collected 369 gold pieces.

Inventory:

Hand Weapons
 n - a +0 hunting sling
   (You found it on level 2 of the Dungeon)
Missiles
 p - 161 stones (quivered)
 v - 36 sling bullets
Armour
 a - a +0 robe (worn)
 b - a +2 pair of gloves (worn)
   (You found it on level 2 of the Dungeon)
 h - a +0 cloak (worn)
   (You found it on level 1 of the Dungeon)
 s - a +0 helmet (worn)
   (You took it off Robin on level 3 of the Dungeon)
Jewellery
 m - a ring of ice (left hand)
   (You found it on level 2 of the Dungeon)
 o - a +1 ring of evasion {unknown}
   (You found it on level 2 of the Dungeon)
 r - an uncursed ring of protection from magic {unknown}
   (You found it on level 4 of the Dungeon)
Scrolls
 c - 3 scrolls of teleportation {unknown}
 d - 4 scrolls of remove curse {unknown}
 f - 2 scrolls of blinking {unknown}
 i - a scroll of random uselessness {unknown}
 j - 3 scrolls of identify {unknown}
 q - a scroll of amnesia {unknown}
 t - a scroll of immolation {unknown}
 u - 2 scrolls of enchant weapon {unknown}
Potions
 g - a potion of mutation {unknown}
Comestibles
 e - 9 rations {!d}
 k - 3 chunks of flesh


   Skills:
 - Level 2.4 Dodging
 - Level 2.4 Stealth
 + Level 8.1 Spellcasting
 + Level 6.3 Conjurations
 + Level 7.1 Fire Magic


You had 10 spell levels left.
You knew the following spells:

 Your Spells              Type           Power        Failure   Level  Hunger
a - Flame Tongue          Conj/Fire      #####        1%          1    None
d - Conjure Flame         Conj/Fire      #####...     1%          3    None
q - Sticky Flame          Conj/Fire      #####...     4%          4    ###....
x - Fireball              Conj/Fire      #####.....   12%         5    #####..

Your spell library contained the following spells:

 Spells                   Type           Power        Failure   Level  Hunger
 Throw Flame              Conj/Fire      #####.       1%          2    None
 Inner Flame              Hex/Fire       ####....     4%          3    None


Dungeon Overview and Level Annotations

Branches:
Dungeon (5/15)             Temple (1/1) D:4

Altars:
Ashenzari
Cheibriados
Dithmenos
Elyvilon
Fedhas
Gozag
Hepliaklqana
Kikubaaqudgha
Makhleb
Nemelex Xobeh
Okawaru
Qazlal
Ru
Sif Muna
Trog
Uskayaw
Vehumet
Wu Jian
Xom
Yredelemnul
Zin


Message History

Found a club.
Found a ration.
e - 9 rations {!d} (gained 1)
Found an escape hatch in the floor.
A leopard gecko comes into view.
You can't see any susceptible monsters within range! (Use Z to cast anyway.)
Aim: a leopard gecko The flame tongue hits the leopard gecko.
Aim: a leopard gecko (heavily wounded)
The flame tongue hits the leopard gecko.
You kill the leopard gecko!
Vehumet accepts your kill.
Found 18 gold pieces and 9 poisoned needles.
You now have 369 gold pieces (gained 18). 2 jackals come into view.
The jackal barks!
A jackal comes into view.
There are monsters nearby!
The jackal barks! x2
Aim: a jackal The flame tongue hits the jackal.
You kill the jackal!
Vehumet accepts your kill.
Aim: a jackal The flame tongue hits the jackal.
You kill the jackal!
Vehumet accepts your kill.
Aim: a jackal The flame tongue hits the jackal.
You kill the jackal!
Vehumet accepts your kill.
You can't see any susceptible monsters within range! (Use Z to cast anyway.)
There is an escape hatch in the floor here.
An orc warrior comes into view. It is wielding a war axe.
Aim: an orc warrior, wielding a war axe and wearing a chain mail (hasn't The flame tongue hits the orc warrior.
The orc warrior shouts!
The orc warrior throws a tomahawk.
The tomahawk hits you but does no damage.
Aim: an orc warrior, wielding a war axe and wearing a chain mail (moderately The flame tongue hits the orc warrior.
The orc warrior throws a tomahawk.
The tomahawk hits you!
Aim: an orc warrior, wielding a war axe and wearing a chain mail (heavily The flame tongue misses the orc warrior.
The orc warrior throws a tomahawk.
The tomahawk hits you!!
Ouch! That really hurt!
* * * LOW HITPOINT WARNING * * *
The orc warrior throws a tomahawk.
The tomahawk misses you.
The orc warrior throws a tomahawk.
The tomahawk hits you!!
You die...

#........## #####.#.......# #
#.)...#.......# .###.#####.#..##
#.......#
......o....#..#####.....## #
#(####....###....## #
##.##..#....##.#### #
#......###..##.###### #...@..#
##..รท.......
#......####.......... #
#...........#........
#############....(......#........
...#..>...............<.#........
........................#........
...###..................#........
...# ##.................#........
...# ###########..##############


You could see an orc warrior.

Vanquished Creatures
  Grinder (D:4)
  3 yaks (D:4)
  A phantom (D:4)
  An ogre (D:4)
  Blork the orc (D:3)
  A jelly (D:5)
  A hound (D:4)
  Crazy Yiuf (D:4)
  2 orc wizards (D:4)
  An iguana (D:5)
  A worker ant (D:5)
  Robin (D:3)
  6 adders
  A shadow imp (D:5)
  An ooze (D:2)
  3 worms
  2 dart slugs
  6 leopard geckos
  5 orcs
  9 giant cockroaches
  14 goblins
  11 hobgoblins
  5 jackals
  3 kobolds
  2 quokkas
  A ball python (D:1)
  9 bats
  2 frilled lizards
  7 rats
102 creatures vanquished.

Notes
Turn   | Place    | Note
-------+----------+-------------------------------------------
     0 | D:1      | n0claF the Deep Elf Fire Elementalist began the quest for
                  | the Orb.
     0 | D:1      | Reached XP level 1. HP: 10/10 MP: 6/6
   178 | D:1      | Reached XP level 2. HP: 14/15 MP: 5/8
   550 | D:1      | Reached XP level 3. HP: 18/19 MP: 5/10
  1115 | D:2      | Learned a level 3 spell: Conjure Flame
  1159 | D:2      | Reached skill level 4 in Spellcasting
  1395 | D:2      | Reached XP level 4. HP: 24/24 MP: 8/12
  2079 | D:3      | Noticed Robin
  2429 | D:3      | Killed Robin
  2429 | D:3      | Reached XP level 5. HP: 25/28 MP: 5/14
  2554 | D:3      | Noticed Blork the orc
  2565 | D:3      | Killed Blork the orc
  2565 | D:3      | Reached skill level 5 in Spellcasting
  2819 | D:3      | Found a deep blue altar of Sif Muna.
  3069 | D:4      | Noticed a phantom
  3079 | D:4      | Killed a phantom
  3079 | D:4      | Reached skill level 5 in Fire Magic
  3079 | D:4      | Reached XP level 6. HP: 32/32 MP: 6/16
  3361 | D:4      | Reached skill level 6 in Spellcasting
  3470 | D:4      | Noticed Grinder
  3493 | D:4      | Noticed a yak
  3493 | D:4      | Noticed a yak
  3493 | D:4      | Noticed a yak
  3511 | D:4      | Killed a yak
  3511 | D:4      | Reached skill level 5 in Conjurations
  3511 | D:4      | Reached XP level 7. HP: 20/36 MP: 8/18
  3521 | D:4      | Paralysed by Grinder for 3 turns
  3527 | D:4      | Paralysed by Grinder for 4 turns
  3527 | D:4      | Killed a yak
  3527 | D:4      | Reached skill level 7 in Spellcasting
  3539 | D:4      | Killed a yak
  3546 | D:4      | Killed Grinder
  3546 | D:4      | Reached XP level 8. HP: 41/41 MP: 9/21
  3652 | D:4      | Learned a level 4 spell: Sticky Flame
  3658 | D:4      | Learned a level 5 spell: Fireball
  3696 | D:4      | Found a staircase to the Ecumenical Temple.
  3703 | Temple   | Entered the Ecumenical Temple
  3969 | Temple   | Became a worshipper of Vehumet
  4129 | D:4      | Found a runed door.
  4315 | D:4      | Noticed Crazy Yiuf
  4318 | D:4      | Killed Crazy Yiuf
  4368 | D:5      | Entered Level 5 of the Dungeon
  4381 | D:5      | Reached skill level 8 in Spellcasting
  4803 | D:5      | Hit by a tomahawk thrown by an orc warrior

Skill      XL: |  1  2  3  4  5  6  7  8 |
---------------+-------------------------+-----
Conjurations   | 2 3 4 5 6 |  6.3
Spellcasting   | 4 5 6 7 8 |  8.1
Fire Magic     | 4 5 6 7 |  7.1
Dodging        | |  2.4
Stealth        | |  2.4

Action                   |  1- 3 |  4- 6 |  7- 9 || total
-------------------------+-------+-------+-------++-------
Melee: Unarmed           |       |     2 |       ||     2
 Cast: Flame Tongue      |    69 |   116 |    48 ||   233
       Conjure Flame     |       |     1 |     2 ||     3
  Use: Potion            |       |       |     4 ||     4
  Eat: Chunk             |     1 |     7 |     1 ||     9
       Ration            |       |       |     1 ||     1
Armor: Robe              |    12 |    18 |     4 ||    34
       Skin              |       |       |     4 ||     4
Dodge: Dodged            |    15 |    45 |     5 ||    65
